 Dungeon Crawl Stone Soup version 0.30-a0-778-g2ef04afb54 (webtiles) character file.

Game seed: 1378371939727670753

357 Flugslaktarn the Chopper (level 6, -8/50 HPs)
             Began as a Minotaur Fighter on Feb 16, 2023.
             Mangled by Pikel
             ... wielding a +0 whip of electrocution
              (20 damage)
             ... on level 4 of the Dungeon.
             The game lasted 00:01:30 (3251 turns).

Flugslaktarn the Chopper (Minotaur Fighter)         Turns: 3251, Time: 00:01:30

Health: -8/50      AC: 13    Str: 22    XL:     6   Next: 36%
Magic:  5/5        EV:  6    Int:  5    God:
Gold:   129        SH:  5    Dex: 10    Spells: 5/5 levels left

rFire   . . .      SeeInvis .    a - +0 war axe
rCold   . . .      Faith    .    c - +0 buckler
rNeg    . . .      Spirit   .    j - +0 plate armour
rPois   .          Reflect  .    (helmet restricted)
rElec   .          Harm     .    (no cloak)
rCorr   .          Rampage  .    f - +0 pair of gloves
Will    .....                    (no boots) Stlth
                                 (no amulet)
HPRegen 0.28/turn                (no ring)
MPRegen 0.09/turn                (no ring)

@: no status effects
A: horns 2, retaliatory headbutt, frail 1, sense surroundings 1, wild magic 1
a: no special abilities


You were on level 4 of the Dungeon.
You visited 1 branch of the dungeon, and saw 4 of its levels.

You collected 129 gold pieces.

Inventory:

Hand Weapons
 a - a +0 war axe (weapon)
Armour
 c - a +0 buckler (worn)
 f - a +0 pair of gloves (worn)
   (You found it on level 1 of the Dungeon)
 j - a +0 plate armour (worn)
   (You found it on level 2 of the Dungeon)
Scrolls
 g - a scroll of enchant weapon
 m - a scroll of torment
 o - 2 scrolls of vulnerability
 p - a scroll of poison
 r - a scroll of identify
 s - a scroll of silence
 t - a scroll of teleportation
 u - a scroll of amnesia
 v - a scroll of immolation
Potions
 b - a potion of mutation
 d - a potion of might
 e - a potion of brilliance
 h - a potion of attraction
 i - a potion of haste {unknown}
 l - a potion of cancellation {unknown}
 n - a potion of degeneration {unknown}
 q - a potion of curing


   Skills:
 + Level 5.0 Fighting
 * Level 5.4 Axes
 + Level 5.0 Armour
 + Level 5.0 Shields


You had 5 spell levels left.
You didn't know any spells.
Your spell library was empty.

Dungeon Overview and Level Annotations

Branches:
Dungeon (4/15)
 Temple: D:4-7

Altars:

Annotations:
D:4 Pikel


Innate Abilities, Weirdness & Mutations

You have a pair of horns on your head.
You reflexively headbutt those who attack you in melee.
You are frail. (-10% HP)
You passively map a small area around you.
Your spells are a little harder to cast, but a little more powerful.


Message History

As you read the scroll of identify, it crumbles to dust.
p - a scroll of poison
As you read the scroll labelled PUONTU UBONEU, it crumbles to dust.
Magic quickly surges around you.
It was a scroll of vulnerability.
As you read the scroll labelled KOXZOLINAE, it crumbles to dust.
You feel strangely unstable.
It was a scroll of teleportation.
t - a scroll of teleportation;
k - 2 sapphire potions Unknown command.
As you read the scroll of identify, it crumbles to dust.
m - a scroll of torment Unknown command.
You start waiting.
Your surroundings suddenly seem different.
Unknown command.
It was a potion of brilliance.
You feel clever all of a sudden.
No target in view!
It was a potion of attraction.
You feel attractive to monsters.
It was a potion of curing.
You feel better.
q - 2 potions of curing;
j - a +0 plate armour (worn)
It was a potion of mutation.
You feel extremely strange.
Your body twists and deforms.
Unknown command.
You feel extremely strange.
Your body's shape seems more normal.
You feel less in control of your magic.
You feel a strange attunement to the structure of the dungeons.
You feel frail.
You start waiting.
You feel your willpower return.
You feel less attractive to monsters.
You feel a little less clever now.
You now have 129 gold pieces (gained 4).
r - a scroll of identify An iguana comes into view.
The iguana hisses angrily.
The iguana moves out of view.
An iguana is nearby!
An iguana is nearby!
The iguana bites you.
You hit the iguana.
The iguana is lightly wounded.
The iguana barely misses you. You furiously retaliate!
You headbutt the iguana. You hit the iguana. You headbutt the iguana.
You kill the iguana!
No target in view!
No target in view!
No target in view!
No target in view!
No target in view!
No target in view!
HP restored.
Found a mace.
No target in view!
b - a potion of mutation
Found an escape hatch in the floor.
Found a stone staircase leading up.
No target in view!
No target in view!
No target in view!
No target in view!
A hobgoblin comes into view.
The hobgoblin shouts!
There is a stone staircase leading up here.
A hobgoblin is nearby!
A hobgoblin is nearby!
You slash the hobgoblin!
You kill the hobgoblin!
No target in view!
No target in view!
No target in view!
No target in view!
No target in view!
No target in view!
You see here a hobgoblin corpse.
Pikel and a lemure come into view.
Pikel is wielding a +0 whip of electrocution.
Pikel shouts!
The lemure shouts!
A lemure comes into view.
There are monsters nearby!
There are monsters nearby!
There are monsters nearby!
A lemure comes into view.
You block Pikel's attack.
You closely miss Pikel. You block Pikel's attack.
You closely miss Pikel. Your headbutt misses Pikel.
Pikel hits you with a +0 whip of electrocution. x2
You barely miss Pikel. Pikel hits you but does no damage.
You are electrocuted!!
You closely miss Pikel.
Pikel hits you with a +0 whip of electrocution.
You are electrocuted!
* * * LOW HITPOINT WARNING * * *
A lemure comes into view.
You are too injured to fight recklessly!
You feel better.
Pikel hits you with a +0 whip of electrocution.
* * * LOW HITPOINT WARNING * * *
You are electrocuted!!
You die...

..†###.##
##.###..#
##..†.#
##.###.#
#.###.#
##<###.## ##.#
* ##.#†#..###
...# *
#.........#
####
#.######.#.#
*#. ####.# # .
#....# #..#
#.##@# #..# #
#K#, #..#
##5#,
#..###.##5#
########[..<..
55.,* ..(....
.... ..#
#########.#*
###
.......[.[#
########### ,


You could see Pikel and 4 lemures.

Vanquished Creatures
  An ice beast (D:4)
  A phantom (D:4)
  A hound (D:4)
  An iguana (D:4)
  3 adders
  3 gnolls (D:2)
  A worm (D:3)
  3 dart slugs
  8 orcs (D:3)
  4 bats
  5 endoplasms
  3 giant cockroaches
  6 goblins
  9 hobgoblins
  4 jackals (D:3)
  2 quokkas
  3 ball pythons
  3 frilled lizards
  2 kobolds (D:2)
  A rat (D:1)
64 creatures vanquished.

Vanquished Creatures (others)
  A withered plant (D:1)
1 creature vanquished.

Grand Total: 65 creatures vanquished

Notes
Turn   | Place    | Note
-------+----------+-------------------------------------------
     0 | D:1      | Flugslaktarn the Minotaur Fighter began the quest for the
                  | Orb.
     0 | D:1      | Reached XP level 1. HP: 19/19 MP: 0/0
    79 | D:1      | Reached XP level 2. HP: 26/27 MP: 1/1
  1449 | D:2      | Reached XP level 3. HP: 24/33 MP: 2/2
  1858 | D:3      | Reached XP level 4. HP: 40/40 MP: 3/3
  2516 | D:4      | Noticed an ice beast
  2527 | D:4      | Killed an ice beast
  2528 | D:4      | Reached XP level 5. HP: 24/47 MP: 4/4
  2737 | D:4      | Noticed a phantom
  2747 | D:4      | Killed a phantom
  2748 | D:4      | Reached skill level 5 in Axes
  2748 | D:4      | Reached XP level 6. HP: 53/55 MP: 5/5
  2779 | D:4      | Reached skill level 5 in Fighting
  2779 | D:4      | Reached skill level 5 in Armour
  2779 | D:4      | Reached skill level 5 in Shields
  3067 | D:4      | Gained mutation: Armour fits poorly on your strangely
                  | shaped body. [potion of mutation]
  3068 | D:4      | Lost mutation: Armour fits poorly on your strangely shaped
                  | body. [potion of mutation]
  3068 | D:4      | Gained mutation: Your spells are a little harder to cast,
                  | but a little more powerful. [potion of mutation]
  3068 | D:4      | Gained mutation: You passively map a small area around you.
                  | [potion of mutation]
  3068 | D:4      | Gained mutation: You are frail. (-10% HP) [potion of
                  | mutation]
  3243 | D:4      | Noticed Pikel
  3251 | D:4      | Mangled by Pikel

Illustrated notes

Levels and vault maps discovered:
D:1:      spicycebolla_arrival_clurvy, layout_rooms, serial_co_window_serial,
          co_window_of_opportunity_a, co_window_corner_a, co_window_paths_a,
          co_window_cross_1, co_window_of_opportunity_a, co_window_broadway_c,
          co_window_corner_b, co_window_of_opportunity_c, co_window_corner_cb
D:2:      layout_basic
D:3:      layout_loops_cross
D:4:      layout_loops_ring, uniq_pikel

Skill      XL: |  1  2  3  4  5  6 |
---------------+-------------------+-----
Axes           | 3 4 5 |  5.4
Fighting       | 4 5 |  5.0
Armour         | 4 5 |  5.0
Shields        | 4 5 |  5.0

Action                     |  1- 3 |  4- 6 || total
---------------------------+-------+-------++-------
  Melee: War axe           |    77 |    78 ||   155
         Headbutt          |     8 |     8 ||    16
    Use: Potion            |       |     7 ||     7
         Scroll            |       |     8 ||     8
 Armour: Scale mail        |    34 |       ||    34
         Plate armour      |    13 |    54 ||    67
  Dodge: Dodged            |    43 |    25 ||    68
  Block: Buckler           |    17 |    17 ||    34

Table legend: (Time is in decaauts)
 A = Elapsed time spent in this place.
 B = Non-inter-level travel time spent in this place.
 C = Inter-level travel time spent in this place.
 D = Time resting spent in this place.
 E = Time spent auto-exploring this place.
 F = Levels seen in this place.
 G = Mean time per level.
                   A        B        C        D        E       F      G
               +--------+--------+--------+--------+--------+-----+--------+
         Total |   3304 |   3136 |    168 |    180 |   2487 |   4 |  826.0 |
       Dungeon |   3304 |   3136 |    168 |    180 |   2487 |   4 |  826.0 |
               +--------+--------+--------+--------+--------+-----+--------+

Top non-repeatable levels by time:
     D:2: 925 daAuts
     D:1: 829 daAuts
     D:4: 792 daAuts
     D:3: 757 daAuts
